cohdb
Replays
Latest Replays
All Replays
Popular Replays
Top Player Replays
Match Explorer
How It Works
Community
CoH3 Stats
Reddit
Sign in to upload your games and track your stats! →
Sign in with Steam
Match 42470799
Unlisted
Match 42470799
Overview
Messages
Build Orders
End
Panzergrenadier Squad
Selects Armored Support Battlegroup
250 Light Carrier
Panzergrenadier Squad
Construct Light Support Kompanie
MG34 Team
Fire Support Elements
Panzergrenadier Squad
Panzerjäger Mechanized Group
Flakvierling Half-track
Construct Panzerarmee Kommand
Selects Superior Fire Drills
Selects Salvage Kits
2.5-tonne Medical Truck
Panzer III L Medium Tank
Panzer III L Medium Tank
Selects Panzer Storm
Vehicle Survival Package
Tungsten Core Ammunition
Veteran Squad Leaders
Flak 36 Anti-tank Gun Team
Panzergrenadier Squad
Panzer III L Medium Tank
Pak 38 Anti-tank Gun Team
Selects Stuka Anti-tank Loiter
Panzerjäger Squad
RoseFlunder
P.E.P.E
chell007
Tickling Uncle
Virginia
屌丝男士
普里图亚
gUi
0
0
Comments
sign in to comment!
No comments posted yet!